Get step-by-step instructions on how to execute this build order below. Start the game timer, and the build order will tick by so you can play in parallel with StarCraft on a second screen or mobile device.

Game Time

  0:00

Last Step

  N/A

Next Step

Upcoming Step



Don't want to look back and forth between 2 screens? Try out our Overwolf App, the Spawning Tool Build Advisor to get an in-game overlay with this build!

Complete Build Order

  12  0:01  Drone  
  13  0:24  Spawning Pool  
  13  0:26  Drone  
  13  0:35  Overlord  
  13  0:42  Drone  
  14  0:49  Extractor  
  13  1:01  Drone x3  
  16  1:16  Zergling x2  
  17  1:20  Queen  
  19  1:25  Zergling x2  
  20  1:40  Zergling x2  
  20  1:45  Zergling x2  
  22  1:58  Overlord  
  22  2:16  Drone  
  22  2:19  Drone  
  24  2:25  Lair  
  21  2:56  Zergling x8  
  24  3:02  Metabolic Boost  
  24  3:25  Roach Warren  
  24  3:26  Drone  
  24  3:27  Drone  
  25  3:34  Zergling x6  
  25  3:35  Zergling x2  
  28  4:20  Drone x2  
  28  4:22  Overlord  
  30  4:31  Hydralisk Den  
  29  4:40  Spire  
  29  4:41  Roach  
  30  4:48  Zergling x4  
  32  4:57  Extractor  
  31  5:05  Zergling x2  
  31  5:06  Zergling x2  
  33  5:18  Queen  
  35  5:22  Hatchery  
  34  5:41  Roach  
  36  5:55  Burrow  
  30  6:35  Drone  
  31  6:46  Mutalisk  
  33  6:50  Drone  
  33  6:51  Drone x3  
  37  7:02  Infestation Pit  
  36  7:22  Queen  
  36  7:28  Drone x3  
  36  7:29  Hatchery, Drone x3  
  43  7:44  Extractor  
  43  7:47  Hydralisk  
  44  7:52  Overlord x3  
  44  7:53  Overlord  
  44  7:54  Extractor  
  43  8:17  Hydralisk x3  
  49  8:27  Drone x2  
  49  8:28  Drone x4  
  55  8:44  Drone x3  
  60  8:51  Drone  
  60  8:54  Drone  
  60  9:06  Lurker Den  
  60  9:09  Tunneling Claws  
  60  9:11  Hive  
  60  9:23  Extractor, Drone x3  
  60  9:24  Drone x2  
  64  9:30  Hydralisk x3  
  70  9:45  Roach x4  
  78  9:51  Pneumatized Carapace  
  78  10:01  Pathogen Glands  
  78  10:07  Hydralisk x5  
  78  10:08  Hydralisk x2  
  78  10:12  Roach x5  
  63  10:46  Overseer  
  63  10:58  Infestor x2  
  63  11:00  Infestor  
  63  11:02  Viper  
  72  11:06  Hydralisk  
  72  11:10  Zergling x4  
  72  11:11  Zergling x2  
  77  11:13  Drone x5  
  77  11:14  Hydralisk x5  
  77  11:15  Hydralisk x2  
  82  11:19  Roach x2  
  82  11:21  Extractor  
  81  11:26  Overlord x2  
  81  11:54  Queen  
  81  11:58  Mutalisk x3  
  81  12:00  Hydralisk x3  
  95  12:21  Drone  
  96  12:24  Drone x2  
  96  12:29  Overlord x2, Hatchery  
  97  12:33  Drone  
  98  12:48  Zergling x6  
  101  12:54  Overseer  
  101  13:10  Drone x2  
  103  13:13  Drone x3  
  103  13:16  Drone x3  
  109  13:20  Hatchery  
  108  13:47  Drone  
  109  13:50  Extractor  
  109  13:51  Extractor  
  101  14:47  Drone x3  
  101  14:50  Drone x2  
  106  15:05  Greater Spire  
  106  15:07  Adrenal Glands  
  106  15:09  Glial Reconstitution  
  106  15:10  Neural Parasite  
  106  15:17  Drone x6  
  112  15:22  Drone x3  
  112  15:23  Queen  
  117  15:57  Overlord x2  
  117  15:58  Overlord  
  117  16:08  Overlord x2  
  117  16:09  Overlord  
  117  16:42  Extractor  
  117  16:44  Drone x3  
  117  16:45  Extractor  
  118  16:48  Hydralisk x4  
  118  16:49  Hydralisk  
  118  16:50  Roach x3  
  118  16:51  Mutalisk, Roach  
  118  16:52  Mutalisk x7  
  152  16:58  Viper x2  
  152  17:00  Corruptor x3  
  164  17:03  Overlord  
  164  17:36  Lurker x2  
  166  17:43  Brood Lord  
  168  17:46  Brood Lord  
  168  17:47  Brood Lord  
  168  18:33  Hatchery  
  143  19:31  Hydralisk x3  
  137  19:37  Mutalisk x2, Drone  
  146  20:43  Corruptor x3  
  146  20:47  Hydralisk x2  
  146  20:48  Hydralisk  
  146  20:49  Zergling x6  
  163  20:50  Zergling x12